 Dungeon Crawl Stone Soup version 0.29.1-2-gbd0b4ee654 (webtiles) character file.

Game seed: 11841459364515089875

573 sanboga the Chopper (level 7, 0/62 HPs)
             Began as a Minotaur Monk on Nov 16, 2022.
             Splashed by a jelly's acid (3 damage)
             ... on level 5 of the Dungeon.
             The game lasted 00:05:22 (4511 turns).

sanboga the Chopper (Minotaur Monk)                 Turns: 4511, Time: 00:05:23

Health: 0/62       AC:  3    Str: 18    XL:     7   Next: 12%
Magic:  6/6        EV: 10    Int:  7    God:
Gold:   290        SH:  0    Dex: 12    Spells: 6/6 levels left

rFire   . . .      SeeInvis .   a - +0 hand axe
rCold   . . .      Faith    .   j - +0 kite shield
rNeg    . . .      Spirit   .   b - +0 robe
rPois   .          Reflect  .   (helmet restricted)
rElec   .          Harm     .   (no cloak)
rCorr   .          Rampage  .   (no gloves)
Will    .....                   i - +0 pair of boots
Stlth   ..........              (no amulet)
HPRegen 0.20/turn               (no ring)
MPRegen 0.10/turn               (no ring)

@: confused, silenced, invisible
A: horns 2, retaliatory headbutt
a: no special abilities


You were on level 5 of the Dungeon.
You visited 1 branch of the dungeon, and saw 5 of its levels.

You collected 398 gold pieces.
You spent 108 gold pieces at shops.

Inventory:

Hand Weapons
 a - a +0 hand axe (weapon)
Armour
 b - a +0 robe (worn)
 i - a +0 pair of boots (worn)
 j - a +0 kite shield (worn)
Wands
 l - a wand of iceblast (13)
 q - a wand of flame (24)
 s - a wand of light (10)
Scrolls
 d - a scroll of magic mapping
 e - 2 scrolls of fear
 m - a scroll of teleportation {unknown}
 n - a scroll of brand weapon {unknown}
 r - a scroll of identify
Potions
 o - a potion of attraction {unknown}


   Skills:
 + Level 5.8 Fighting
 * Level 7.4 Axes
 + Level 4.2 Armour
 - Level 3.2 Dodging
 - Level 1.5 Stealth


You had 6 spell levels left.
You didn't know any spells.
Your spell library contained the following spells:

 Spells                   Type           Power      Damage    Failure   Level
 Sublimation of Blood     Necr           0%         N/A       95%         2
 Petrify                  Tmut/Erth      0%         N/A       100%        4
 Irradiate                Conj/Tmut      0%         3d11      100%        5


Dungeon Overview and Level Annotations

Branches:
Dungeon (5/15)
 Temple: D:4-7

Altars:
Cheibriados
Makhleb

Shops:
D:3 ([(:


Innate Abilities, Weirdness & Mutations

You have a pair of horns on your head.
You reflexively headbutt those who attack you in melee.


Message History

The black bear barely misses you. The black bear closely misses you.
The orc priest hits you with a +0 hand axe.
* * * LOW HITPOINT WARNING * * *
You barely miss something. You hit the black bear.
You closely miss the orc priest. Something hits you.
* * * LOW HITPOINT WARNING * * *
The orc priest hits you but does no damage.
You feel less invigorated.
You feel less confused.
You hit the orc priest but do no damage.
You headbutt the orc priest!
The orc priest is heavily wounded.
You closely miss something. You closely miss the black bear.
Something hits you.
* * * LOW HITPOINT WARNING * * *
The black bear bites you but does no damage.
You block the black bear's attack. The black bear closely misses you.
The orc priest barely misses you. You furiously retaliate!
You headbutt the orc priest!
You hit the orc priest but do no damage.
You headbutt the orc priest.
You kill the orc priest!
You catch the helpless black bear completely off-guard!
You hit the black bear. You hit something. The black bear closely misses you.
The black bear claws you.
* * * LOW HITPOINT WARNING * * *
You block the black bear's attack.
You hit the jelly.
Your hands burn!
* * * LOW HITPOINT WARNING * * *
The jelly is moderately wounded.
You catch the helpless black bear completely off-guard!
You hit the black bear.
You feel yourself slow down.
You slash the jelly!
Your hands burn!
* * * LOW HITPOINT WARNING * * *
The jelly is severely wounded.
You hit the black bear. You block the jelly's attack.
You are confused.
You hit the jelly.
Your hands burn!
You die...

#..........####...#
##.........##....######
#$......#.......###..##
#.)....####..#........##
#.....##*#...#.........#
#.....###..............#
##....##.h......#......#
#.....J.......##.......
##..{.@>.#.............
#........#.....##.....#
###.##.###.......#....#
#.....# #.......##....
#.....# *,##.#..#.####
##.#..#**,,,*#......##
***....##*,*,,**#.......
**,..,..,,,,,,**,#.......
**,..,..#***,,,,,,........


You could see a black bear (unable to see you) and a jelly.

Vanquished Creatures
  A centaur (D:3)
  A phantom (D:4)
  A scorpion (D:4)
  A jelly (D:5)
  2 hounds (D:4)
  2 orc priests (D:5)
  Ijyb (D:4)
  An iguana (D:5)
  5 adders
  An ufetubus (D:5)
  4 worms
  4 dart slugs
  9 orcs
  5 endoplasms
  3 giant cockroaches
  6 goblins
  7 hobgoblins
  5 jackals (D:4)
  2 quokkas (D:1)
  7 ball pythons
  2 bats (D:2)
  4 frilled lizards
  5 kobolds
  8 rats
87 creatures vanquished.

Vanquished Creatures (others)
  5 plants
5 creatures vanquished.

Grand Total: 92 creatures vanquished

Notes
Turn   | Place    | Note
-------+----------+-------------------------------------------
     0 | D:1      | sanboga the Minotaur Monk began the quest for the Orb.
     0 | D:1      | Reached XP level 1. HP: 19/19 MP: 0/0
   277 | D:1      | Reached skill level 4 in Axes
   303 | D:1      | Reached XP level 2. HP: 23/27 MP: 1/1
   423 | D:1      | Reached skill level 1 in Armour
   962 | D:2      | Reached XP level 3. HP: 20/33 MP: 2/2
  1547 | D:2      | Reached XP level 4. HP: 37/41 MP: 3/3
  1582 | D:2      | Found a faded altar of an unknown god.
  1608 | D:2      | Reached skill level 5 in Axes
  2377 | D:3      | Noticed a centaur
  2386 | D:3      | Killed a centaur
  2387 | D:3      | Reached XP level 5. HP: 30/47 MP: 4/4
  2392 | D:3      | Found Diatiw's Weapon Emporium.
  2541 | D:3      | Found Bocorurgh's Antique Armour Emporium.
  2545 | D:3      | Bought a kite shield for 108 gold pieces
  2729 | D:3      | Found Doajoror's Book Shop.
  2974 | D:3      | Found Teosipn's Weapon Emporium.
  3315 | D:4      | Noticed a phantom
  3326 | D:4      | Killed a phantom
  3327 | D:4      | Reached skill level 5 in Fighting
  3327 | D:4      | Reached skill level 6 in Axes
  3327 | D:4      | Reached XP level 6. HP: 50/56 MP: 5/5
  3570 | D:4      | Noticed Ijyb
  3587 | D:4      | Killed Ijyb
  3662 | D:4      | Found a snail-covered altar of Cheibriados.
  3993 | D:5      | Entered Level 5 of the Dungeon
  4018 | D:5      | Reached skill level 7 in Axes
  4138 | D:5      | Found a burning altar of Makhleb.
  4381 | D:5      | Identified the +7 long sword of the Orcish Mines {elec,
                  | *Noise rC+ rN+ Int+3}
  4475 | D:5      | Reached XP level 7. HP: 12/62 MP: 6/6
  4497 | D:5      | HP: 2/62 [orc priest/divine providence (15)]
  4510 | D:5      | HP: 3/62 [acid (5)]
  4511 | D:5      | Splashed by a jelly's acid

Illustrated notes

Levels and vault maps discovered:
D:1:      ncdulo_lavacross, layout_basic, serial_forest,
          infiniplex_forest_zigzag_2, infiniplex_forest_clump_diagonal,
          infiniplex_forest_lined_4_way, infiniplex_forest_zigzag_2,
          infiniplex_forest_straight_3, infiniplex_forest_lined_3_way,
          infiniplex_forest_lined_3_way, infiniplex_forest_clump_curved
D:2:      layout_basic, basic_ecumenical_altar, chequers_jeans,
          minmay_tromino_v2
D:3:      layout_loops_ring, serial_shops, nicolae_shop_bloodbath_and_beyond,
          nicolae_shop_trees, shop_statue, nicolae_shop_window_shopping,
          grunt_ministairs_1
D:4:      layout_loops_ring, kennysheep_slug_shrine, serial_bayou_crossing,
          uniq_ijyb
D:5:      layout_cave_pools, tso_altar, mainiacjoe_overflow_cross_hatched

Skill      XL: |  1  2  3  4  5  6 |
---------------+-------------------+-----
Axes           | 4 5 6 7 |  7.4
Armour         | 1 2 3 4 |  4.2
Fighting       | 4 5 |  5.8
Dodging        | |  3.2
Stealth        | |  1.5

Action                   |  1- 3 |  4- 6 |  7- 9 || total
-------------------------+-------+-------+-------++-------
Melee: Hand axe          |    72 |   150 |    15 ||   237
       Headbutt          |    14 |    32 |     3 ||    49
       Punch             |       |     1 |       ||     1
  Use: Scroll            |       |     7 |     3 ||    10
       Potion            |       |     4 |     3 ||     7
 Stab: Sleeping          |     5 |     4 |       ||     9
       Invisible         |       |       |     2 ||     2
Armor: Robe              |    10 |    28 |     4 ||    42
Dodge: Dodged            |    42 |    64 |     6 ||   112
Block: Kite shield       |       |    40 |     4 ||    44
